 Dungeon Crawl Stone Soup version 0.29.1-1-gd02db6906a (webtiles) character file.

Game seed: 786474001866672565

74420 croobank the Spry (level 15, -4/114 HPs)
             Began as an Octopode Summoner on Oct 4, 2022.
             Was an Initiate of Gozag.
             Shot with an arrow by a centaur warrior (25 damage)
             ... on level 13 of the Dungeon.
             The game lasted 02:14:48 (32038 turns).

croobank the Spry (Octopode Summoner)              Turns: 32038, Time: 02:14:48

Health: -4/114     AC:  7    Str: 17    XL:     15   Next: 46%
Magic:  23/38      EV: 19    Int: 29    God:    Gozag
Gold:   947        SH:  5    Dex: 13    Spells: 17/34 levels left

rFire   + + +      SeeInvis +   C - +12 flail "Unkirhan" {vorpal, *Corrode Fragile rPois rF+++}
rCold   + . .      Faith    .   V - +0 buckler
rNeg    + + +      Spirit   .   G - +2 hat of Vohashrer {*Slow rPois rN+++ Str+2}
rPois   +          Reflect  .   (no amulet)
rElec   .          Harm     .   n - ring of magical power
rCorr   +          Rampage  .   g - +4 ring of protection
Will    +....                   Z - ring of see invisible
Stlth   +++.......              H - ring of resist corrosion
HPRegen 0.29/turn               T - ring of poison resistance
MPRegen 0.26/turn               y - +6 ring of intelligence
                                o - ring of protection from cold
                                a - +6 ring of strength

@: studying 3 skills
A: almost no armour, amphibious, 8 rings, camouflage 1, gelatinous body 1,
(nimble swimmer 1), tentacles
a: Renounce Religion, Potion Petition, Call Merchant, Bribe Branch


You were on level 13 of the Dungeon.
You worshipped Gozag.
Gozag was pleased with you.
You visited 4 branches of the dungeon, and saw 21 of its levels.
You also visited: Gauntlet and Ice Cave.

You collected 8377 gold pieces.
You spent 2969 gold pieces at shops.
You paid 4461 gold pieces to Gozag.

Inventory:

Hand Weapons
 b - a +1 shortbow of flaming
 d - a +4 rapier of protection
 f - a +2 dire flail
 v - a +1 flail of protection
 z - a +5 morningstar
 B - a +1 spear of venom
 C - the +12 flail "Unkirhan" (weapon) {vorpal, *Corrode Fragile rPois rF+++}
   (You found it on level 7 of the Dungeon)

   It inflicts extra damage upon your enemies.
   rF:        It renders you almost immune to fire.
   rPois:     It protects you from poison.
   *Corrode:  It may corrode you when you take damage.
   Fragile:   It will be destroyed if unequipped.
 D - a +1 dagger of draining
 E - a +3 scimitar of flaming
 L - a +5 war axe
 R - a +0 glaive of flaming
Missiles
 l - 3 boomerangs of dispersal (quivered)
Armour
 G - the +2 hat of Vohashrer (worn) {*Slow rPois rN+++ Str+2}
   (You acquired it on level 13 of the Dungeon)

   Str:       It affects your strength (+2).
   rPois:     It protects you from poison.
   rN:        It renders you almost immune to negative energy.
   *Slow:     It may slow you when you take damage.
 V - a +0 buckler (worn)
Magical Staves
 J - a staff of death
Jewellery
 a - a +6 ring of strength (on tentacle)
 g - a +4 ring of protection (right tentacle)
 n - a ring of magical power (left tentacle)
 o - a ring of protection from cold (on tentacle)
 r - a ring of flight
 y - a +6 ring of intelligence (on tentacle)
 H - a ring of resist corrosion (on tentacle)
 O - a ring of protection from fire
 T - a ring of poison resistance (on tentacle)
 Z - a ring of see invisible (on tentacle)
Wands
 k - a wand of mindburst (9)
 m - a wand of roots (13)
 w - a wand of light (1)
 A - a wand of flame (26)
 Y - a wand of charming (5)
Scrolls
 h - a scroll of magic mapping
 x - a scroll of vulnerability
 N - 3 scrolls of poison
 P - 3 scrolls of teleportation
 Q - 2 scrolls of butterflies
 W - 5 scrolls of identify
Potions
 c - 11 potions of curing
 e - 3 potions of magic
 i - 3 potions of flight
 j - 9 potions of attraction
 p - 3 potions of might
 q - 5 potions of brilliance
 t - 2 potions of cancellation
 I - 7 potions of ambrosia
 M - 2 potions of lignification
 S - a potion of berserk rage
 U - a potion of resistance
Miscellaneous
 s - a lightning rod (4/4)


   Skills:
 * Level 14.8 Fighting
 + Level 3.5 Short Blades
 * Level 15.1 Dodging
 - Level 3.1 Stealth
 + Level 3.6 Shields
 + Level 10.1 Spellcasting
 - Level 5.0 Hexes
 - Level 10.0 Summonings
 + Level 4.1 Translocations
 - Level 7.0 Air Magic


You had 17 spell levels left.
You knew the following spells:

 Your Spells              Type           Power      Damage    Failure   Level
a - Summon Small Mammal   Summ           100%       N/A       1%          1
b - Call Imp              Summ           64%        N/A       1%          2
c - Call Canine Familiar  Summ           64%        N/A       1%          3
d - Summon Guardian Gole  Hex/Summ       55%        N/A       1%          3
e - Summon Lightning Spi  Summ/Air       59%        N/A       1%          4
f - Poisonous Vapours     Pois/Air       70%        N/A       1%          2
g - Blink                 Tloc           76%        N/A       1%          2

Your spell library contained the following spells:

 Spells                   Type           Power      Damage    Failure   Level
 Static Discharge         Conj/Air       35%        3-8/arc   1%          2
 Ensorcelled Hibernation  Hex/Ice        58%        N/A       2%          2
 Lesser Beckoning         Tloc           38%        N/A       2%          3
 Portal Projectile        Hex/Tloc       82%        N/A       2%          3
 Necrotise                Necr           56%        1d6       4%          1
 Sandblast                Erth           28%        2d8       4%          1
 Passwall                 Tmut/Erth      11%        N/A       8%          2
 Sublimation of Blood     Necr           14%        N/A       8%          2
 Wereblood                Tmut           14%        N/A       8%          2
 Spider Form              Tmut/Pois      14%        N/A       14%         3
 Stone Arrow              Conj/Erth      28%        3d8       14%         3
 Vampiric Draining        Necr           14%        2d7       14%         3
 Anguish                  Hex/Necr       14%        N/A       17%         4
 Leda's Liquefaction      Hex/Erth       14%        N/A       17%         4
 Manifold Assault         Tloc           38%        N/A       24%         5
 Dispel Undead            Necr           14%        3d10      43%         4
 Olgreb's Toxic Radiance  Pois           14%        N/A       43%         4
 Sticky Flame             Conj/Fire      14%        2d4       43%         4
 Summon Hydra             Summ           32%        N/A       56%         7
 Agony                    Necr           14%        N/A       80%         5
 Ozocubu's Refrigeration  Ice            7%         4d9       100%        7
 Storm Form               Tmut/Air       17%        N/A       100%        7
 Ignition                 Fire           7%         3d4       100%        8
 Corpse Rot               Necr/Pois/Air  Unusable   N/A       N/A         4

Dungeon Overview and Level Annotations

Branches:
Dungeon (13/15)            Temple (1/1) D:4            Lair (5/5) D:10
 Shoals (0/4) Lair:2       Spider (0/4) Lair:2        Slime (0/5) Lair:4
    Orc (2/2) D:12            Elf (0/3) Orc:2         IceCv (visited)
Gauntlet (visited)
 Vaults: D:13-14

Altars:
Ashenzari
Cheibriados
Dithmenos
Elyvilon
Fedhas
Gozag
Hepliaklqana
Kikubaaqudgha
Makhleb
Nemelex Xobeh
Okawaru
Qazlal
Ru
Sif Muna
Trog
Uskayaw
Vehumet
Wu Jian
Xom
Yredelemnul
Zin
The Shining One

Shops:
D:7 [   D:9 !   Orc:2 :*=[(

Annotations:
D:6 3 runed translucent doors, Sabo's ghost, novice OpAE
D:10 exclusion: obsidian statue
Orc:2 Erolcha


Innate Abilities, Weirdness & Mutations

You cannot wear most types of armour.
You are amphibious.
You can wear up to eight rings at the same time.
Your skin changes colour to match your surroundings (Stealth+).
Your rubbery body absorbs attacks. (AC +1, EV +1)
((You are camouflaged when in or above water. (Stealth+)))
You have tentacles for arms and can constrict up to eight enemies at once.


Message History

You kill the deep elf pyromancer!
The fire elemental disappears in a puff of smoke!
Your butterfly is engulfed in blazing flames.
Your butterfly dies!
Your butterfly disappears in a burst of colours!
Your butterfly is engulfed in blazing flames.
Your butterfly dies!
Your butterfly disappears in a burst of colours!
The troll barely misses you. The troll misses you.
The troll closely misses you. The centaur warrior hits you!
* * * LOW HITPOINT WARNING * * *
The centaur warrior misses you.
You closely miss the centaur warrior.
Your squeeze misses the centaur warrior.
The centaur warrior is heavily wounded.
Your surroundings suddenly seem different.
You start resting.
You feel a little less mighty now.
You start resting.
You start to feel less resistant.
You start resting.
Your resistance to elements expires.
You start resting.
A centaur warrior is nearby!
Casting: Summon Lightning Spire (mildly dangerous; 1% risk of failure)
Confirm with . or Enter, or press ? or * to list all spells.
An electric hum fills the air.
The centaur warrior shouts!
The centaur warrior wields a +0 shortbow.
The centaur warrior shoots an arrow.
You block the arrow.
Your lightning spire cannot move out of your way!
The centaur warrior shoots an arrow.
The arrow hits you!
* * * LOW HITPOINT WARNING * * *
Your lightning spire shoots out a bolt of lightning at the centaur warrior!
The bolt of electricity hits the centaur warrior!
Your lightning spire shoots out a bolt of lightning at the centaur warrior!
The bolt of electricity hits the centaur warrior!
The centaur warrior shoots an arrow.
The arrow hits you!!
You die...
Your body crumbles into a pile of gold.

T☼.#
**,,g.T,,,,,,,,,*
☼..#
*,,,..,...#*****
°..## *,,,,.,...#
E...# **,,,,,#..#
....# *,<,,*#..#
#...## **,***#..#
#8...# *** *..#
##...# *#.# ##...#
#@# .....### #.#
.......### #.##
...?.....# #..#
.........# #8.#
.....b..## #..#
........##### ##.#
........b(..#####c#
....#.............#


You could see a centaur warrior (ally target) and a friendly lightning spire
(summoned).

Vanquished Creatures
  Rupert (D:12)
  2 hydras (Lair:3)
  A deep elf knight (D:12)
  A necromancer (D:12)
  A deep elf pyromancer (D:13)
  An orc sorcerer (Orc:2)
  2 elephants
  A black mamba (Lair:5)
  A torpor snail (Lair:2)
  6 cane toads
  A rime drake (Lair:4)
  2 komodo dragons (Lair:1)
  2 ice devils (IceCv)
  2 trolls
  Prince Ribbit (D:8)
  A dream sheep (Lair:2)
  A blink frog (Lair:4)
  A shadow (D:11)
  6 yaks
  2 basilisks (Lair:5)
  2 fire elementals (Orc:2)
  A vampire mosquito (D:12)
  5 water moccasins
  5 orc warriors
  A hell hound (Orc:2)
  A black bear (shapeshifter) (D:13)
  2 centaurs
  A phantom (D:6)
  2 kobold brigands
  6 bullfrogs
  2 scorpions
  11 killer bees
  2 howler monkeys (D:12)
  A hound (D:7)
  An orc priest (D:6)
  A gnoll bouda (D:9)
  An iguana (D:6)
  6 orc wizards
  2 gnolls (D:8)
  An adder (D:4)
  A shadow imp (D:7)
  2 white imps
  An ufetubus (D:6)
  A worm (D:3)
  A dart slug (D:2)
  11 orcs
  2 ball pythons
  An endoplasm (D:3)
  2 giant cockroaches
  3 hobgoblins
  2 jackals (D:1)
  2 quokkas
  A ball python skeleton (D:2)
  4 bats
  3 frilled lizards
  A goblin (D:2)
  6 kobolds
  A rat (D:1)
135 creatures vanquished.

Vanquished Creatures (collateral kills)
  An orc warlord (Orc:2)
  Azrael (Orc:2)
  3 catoblepae
  3 hydras
  2 two-headed ogres
  A tengu warrior (D:13)
  5 death yaks
  An orc high priest (Orc:2)
  2 orc knights (Orc:2)
  2 deep elf pyromancers (D:12)
  A lindwurm (Lair:1)
  2 manticores
  An orc sorcerer (Orc:2)
  An oklob plant (Lair:3)
  2 cyclopes
  7 elephants
  4 black mambas
  3 torpor snails (Lair:4)
  6 cane toads
  8 komodo dragons
  3 rime drakes
  An unseen horror (D:12)
  3 kobold demonologists
  2 ice devils (IceCv)
  2 yaktaurs (D:13)
  A wind drake (Lair:2)
  A troll (Orc:1)
  7 blink frogs
  2 polar bears
  2 dream sheep
  A shadow (D:10)
  A wyvern (Lair:2)
  16 yaks
  Sigmund (D:2)
  3 basilisks
  A steam dragon (D:9)
  6 vampire mosquitoes (D:12)
  2 wargs (Orc:2)
  17 water moccasins
  A hell hound (Orc:2)
  2 acid dragons
  A sky beast (D:7)
  12 orc warriors (Orc:2)
  3 black bears
  6 ogres
  7 wolves
  5 kobold brigands
  6 bullfrogs
  A gnoll sergeant (D:8)
  A necrophage (D:6)
  5 scorpions
  5 wights (D:9)
  14 killer bees
  An elephant simulacrum (IceCv)
  2 howler monkeys
  2 hounds (D:5)
  6 jellies
  8 orc priests
  2 iguanas
  13 orc wizards
  Robin (D:2)
  13 gnolls
  6 adders
  2 naga simulacra (IceCv)
  A shadow imp (D:7)
  4 worms
  2 dart slugs (D:2)
  40 orcs
  2 ball pythons
  7 endoplasms
  2 giant cockroaches
  15 goblins
  8 hobgoblins
  10 jackals
  15 kobolds
  A quokka (D:1)
  10 frilled lizards
  5 rats
375 creatures vanquished.

Vanquished Creatures (others)
  4 hydras
  An ogre mage (D:13)
  A catoblepas (Lair:5)
  3 two-headed ogres
  10 death yaks
  An orc knight (Orc:2)
  A lindwurm (Lair:3)
  A manticore (Lair:5)
  2 black mambas (Lair:1)
  Joseph (D:9)
  2 elephants
  A gargoyle (D:12)
  A cane toad (Lair:5)
  A komodo dragon (Lair:4)
  A yaktaur (D:13)
  An ice devil (IceCv)
  A hornet (D:9)
  A queen bee (Lair:1)
  A troll (D:9)
  A blink frog (Lair:4)
  A wyvern (Lair:1)
  13 yaks
  A basilisk (D:12)
  An acid dragon (D:9)
  2 water moccasins
  2 orc warriors (Orc:2)
  An ice beast (D:7)
  A wolf (Lair:3)
  A centaur (D:9)
  2 scorpions (Lair:2)
  2 gnoll sergeants
  4 wights (D:9)
  7 killer bees
  A howler monkey (D:12)
  An orc priest (D:6)
  An iguana (D:6)
  3 gnolls
  An orc (D:7)
  14 fungi
  73 plants
168 creatures vanquished.

Grand Total: 678 creatures vanquished

Notes
Turn   | Place    | Note
-------+----------+-------------------------------------------
     0 | D:1      | croobank the Octopode Summoner began the quest for the Orb.
     0 | D:1      | Reached XP level 1. HP: 11/11 MP: 3/3
   529 | D:1      | Reached XP level 2. HP: 17/17 MP: 0/5
   663 | D:1      | Learned a level 2 spell: Call Imp
   947 | D:1      | Reached XP level 3. HP: 22/22 MP: 6/6
   951 | D:1      | Learned a level 3 spell: Call Canine Familiar
  1344 | D:1      | Reached skill level 1 in Fighting
  1616 | D:1      | Found a faded altar of an unknown god.
  2125 | D:2      | Reached XP level 4. HP: 28/28 MP: 2/7
  2437 | D:2      | Noticed Robin
  2460 | D:2      | Killed Robin
  2558 | D:2      | Noticed Sigmund
  2566 | D:2      | Killed Sigmund
  2567 | D:2      | Reached skill level 3 in Dodging
  2567 | D:2      | Reached XP level 5. HP: 35/35 MP: 1/9
  2567 | D:2      | Reached XP level 6. HP: 41/41 MP: 1/10
  3533 | D:3      | Reached skill level 5 in Summonings
  3725 | D:3      | Noticed a black bear
  3734 | D:3      | Killed a black bear
  4550 | D:4      | Found a staircase to the Ecumenical Temple.
  4560 | Temple   | Entered the Ecumenical Temple
  4698 | D:4      | Reached skill level 4 in Dodging
  4698 | D:4      | Reached XP level 7. HP: 35/46 MP: 12/12
  5673 | D:5      | Entered Level 5 of the Dungeon
  5852 | D:5      | Found a hide-covered altar of Uskayaw.
  6062 | D:5      | Reached XP level 8. HP: 34/54 MP: 14/14
  6479 | D:5      | Found a radiant altar of Vehumet.
  6479 | D:5      | Found a shimmering altar of Xom.
  6875 | D:6      | Reached skill level 5 in Dodging
  7055 | D:6      | Learned a level 3 spell: Summon Guardian Golem
  7099 | D:6      | Reached skill level 5 in Spellcasting
  7294 | D:6      | Found a runed translucent gate.
  7294 | D:6      | Found a runed translucent gate.
  7295 | D:6      | Found a runed translucent gate.
  7297 | D:6      | Noticed Sabo's ghost (novice OpAE)
  7299 | D:6      | Identified the +7 chain mail "Umaelid" {rN+}
  7373 | D:6      | Reached skill level 1 in Hexes
  7484 | D:6      | Found an ornate altar of the Wu Jian Council.
  7585 | D:6      | Reached skill level 5 in Fighting
  7644 | D:6      | Learned a level 4 spell: Summon Lightning Spire
  7667 | D:6      | Reached XP level 9. HP: 42/61 MP: 16/16
  7925 | D:7      | Found Zosel's Armour Shop.
  8126 | D:7      | Reached skill level 1 in Air Magic
  8344 | D:7      | Identified the +12 flail "Unkirhan" {vorpal, *Corrode
                  | Fragile rPois rF+++}
  8410 | D:7      | Reached skill level 6 in Dodging
  8954 | D:8      | Identified 3 scrolls of acquirement
  8958 | D:8      | Acquired 1185 gold pieces
  8959 | D:8      | Acquired 446 gold pieces
  8960 | D:8      | Acquired 984 gold pieces
  9305 | D:8      | Noticed Prince Ribbit
  9316 | D:8      | Killed Prince Ribbit
  9405 | D:8      | Found a shadowy altar of Dithmenos.
  9448 | D:8      | Noticed a two-headed ogre
  9476 | D:8      | Killed a two-headed ogre
  9477 | D:8      | Reached XP level 10. HP: 10/68 MP: 14/19
  9830 | D:8      | Found a blossoming altar of Fedhas.
 10007 | D:8      | Found a sacrificial altar of Ru.
 10036 | D:8      | Found a snail-covered altar of Cheibriados.
 10179 | D:9      | Reached skill level 7 in Dodging
 10799 | D:9      | Noticed Joseph
 10841 | D:9      | Killed Joseph
 10937 | D:9      | Found Uliyser's Distillery.
 11593 | D:10     | Entered Level 10 of the Dungeon
 11617 | D:10     | Noticed an obsidian statue
 11618 | D:10     | Noticed a sixfirhy
 11766 | D:10     | Found an opulent altar of Gozag.
 11772 | D:10     | Became a worshipper of Gozag Ym Sagoz the Greedy
 11800 | D:10     | Noticed a two-headed ogre
 11812 | D:10     | Killed a two-headed ogre
 11813 | D:10     | Reached skill level 5 in Hexes
 11968 | D:10     | Learned a level 2 spell: Poisonous Vapours
 12110 | D:10     | Reached XP level 11. HP: 70/75 MP: 18/21
 12150 | D:10     | Noticed a two-headed ogre
 12166 | D:10     | Killed a two-headed ogre
 12167 | D:10     | Reached skill level 5 in Air Magic
 12399 | D:10     | Found a staircase to the Lair.
 12539 | D:10     | Reached skill level 8 in Dodging
 14071 | D:12     | Noticed Rupert
 14124 | Lair:1   | Entered Level 1 of the Lair of Beasts
 15788 | Lair:1   | Reached XP level 12. HP: 69/84 MP: 15/24
 15790 | Lair:1   | Reached skill level 9 in Dodging
 16011 | Lair:1   | Noticed a four-headed hydra
 16032 | Lair:1   | You fall into a shaft and drop 1 floor!
 16273 | Lair:2   | Reached skill level 10 in Summonings
 16350 | Lair:2   | Found a hole to the Spider Nest.
 16812 | Lair:1   | Killed a four-headed hydra
 17186 | Lair:1   | Noticed a death yak
 17202 | Lair:1   | Killed a death yak
 17203 | Lair:1   | Reached skill level 10 in Dodging
 17766 | Lair:2   | Noticed a catoblepas
 17787 | Lair:2   | Killed a catoblepas
 17879 | Lair:2   | Reached skill level 10 in Fighting
 17956 | Lair:2   | Found a staircase to the Shoals.
 17967 | Lair:2   | Noticed a six-headed hydra
 17978 | Lair:2   | Killed a six-headed hydra
 17979 | Lair:2   | Reached XP level 13. HP: 92/92 MP: 26/26
 19487 | Lair:3   | Found a blossoming altar of Fedhas.
 19524 | Lair:3   | Reached skill level 10 in Spellcasting
 19712 | Lair:3   | Reached skill level 11 in Dodging
 20980 | Lair:4   | Found a frozen archway.
 21013 | IceCv    | Entered an ice cave
 22008 | Lair:4   | Found a snail-covered altar of Cheibriados.
 22019 | Lair:4   | Reached skill level 12 in Dodging
 22220 | Lair:4   | Found a staircase to the Slime Pits.
 23208 | Lair:5   | Entered Level 5 of the Lair of Beasts
 23219 | Lair:5   | Reached XP level 14. HP: 93/104 MP: 28/28
 23550 | Lair:5   | Reached skill level 13 in Dodging
 24920 | Lair:5   | Reached skill level 14 in Dodging
 25713 | D:12     | Found a staircase to the Orcish Mines.
 25788 | D:12     | Learned a level 2 spell: Blink
 26490 | D:12     | Reached skill level 1 in Translocations
 26596 | D:12     | Killed Rupert
 26871 | D:12     | Identified the +5 short sword of Instant Death {drain,
                  | Str-3 Dex+2 SInv}
 27113 | D:12     | HP: 5/159 [something (17)]
 27115 | D:12     | Reached XP level 15. HP: 6/114 MP: 29/29
 27605 | D:12     | Identified the +3 flail "Eqoame" {antimagic, Dex+3}
 27974 | D:12     | Found an ornate altar of the Wu Jian Council.
 27976 | D:12     | Found a sacrificial altar of Ru.
 27976 | D:12     | Found an ancient bone altar of Kikubaaqudgha.
 27978 | D:12     | Found a shimmering altar of Xom.
 27978 | D:12     | Found a sparkling altar of Nemelex Xobeh.
 27978 | D:12     | Found a glowing silver altar of Zin.
 27995 | Orc:1    | Entered Level 1 of the Orcish Mines
 28410 | Orc:2    | Entered Level 2 of the Orcish Mines
 28778 | Orc:2    | Reached skill level 1 in Short Blades
 28834 | Orc:2    | Reached skill level 1 in Shields
 28868 | Orc:2    | Found a staircase to the Elven Halls.
 29584 | Orc:2    | Noticed an orc warlord
 29598 | Orc:2    | Killed an orc warlord
 29767 | Orc:2    | Found Iclonask's General Store.
 29794 | Orc:2    | Found Eveaprili's Jewellery Boutique.
 29804 | Orc:2    | Bought a ring of poison resistance for 300 gold pieces
 29804 | Orc:2    | Bought a ring of see invisible for 225 gold pieces
 29804 | Orc:2    | Bought a +6 ring of strength for 540 gold pieces
 29826 | Orc:2    | Bought an Inescapable Atlas for 544 gold pieces
 29834 | Orc:2    | Found Lietayxt's Antique Weapon Boutique.
 29848 | Orc:2    | Noticed Azrael
 29867 | Orc:2    | HP: 1/114 [Azrael/damnation (21)]
 29869 | Orc:2    | Killed Azrael
 30310 | Orc:2    | Found Ziejiv's Self-Improvement Boutique.
 30341 | Orc:2    | Bought a manual of Spellcasting for 1360 gold pieces
 30408 | Orc:2    | Noticed Erolcha
 30512 | Orc:2    | Found Yfaracol's Antique Armour Boutique.
 30774 | D:13     | Acquired the +2 hat of Vohashrer {*Slow rPois rN+++ Str+2}
 30838 | D:13     | Reached skill level 15 in Dodging
 31263 | D:13     | Found a gate leading to a gauntlet.
 31293 | Gauntlet | Entered a Gauntlet
 31293 | Gauntlet | Found a transporter.
 31324 | Gauntlet | Found a runed translucent gate.
 31324 | Gauntlet | Found a runed translucent gate.
 31324 | Gauntlet | Found a runed translucent gate.
 31326 | Gauntlet | Found a transporter.
 31330 | Gauntlet | Found a transporter.
 31353 | Gauntlet | Found a transporter.
 31375 | Gauntlet | Found a transporter.
 31375 | Gauntlet | Found a transporter.
 31376 | Gauntlet | Found a transporter.
 31384 | Gauntlet | Found a transporter.
 31387 | Gauntlet | Found a transporter.
 31388 | Gauntlet | Found a transporter.
 31397 | Gauntlet | Found a transporter.
 31399 | Gauntlet | Found a transporter.
 31400 | Gauntlet | Found a transporter.
 31408 | Gauntlet | Found a transporter.
 32038 | D:13     | Shot with an arrow by a centaur warrior

Illustrated notes

Levels and vault maps discovered:
D:1:      dpeg_arrival_connections, layout_basic, basic_ecumenical_altar,
          minmay_fountain_box, chequers_serial_rivers_room_a, minmay_3d_cube
D:2:      layout_loops_ring, serial_undead, serial_undead_b, serial_undead_f,
          serial_undead_e, serial_undead_b, uniq_robin, uniq_sigmund
D:3:      layout_loops_ring, serial_co_window_serial, co_window_paths_b,
          co_window_paths_a, co_window_paths_b, co_window_paths_b,
          co_window_paths_b, co_window_of_opportunity_c, co_window_broadway_c,
          co_window_of_opportunity_c, co_window_broadway_b,
          co_window_broadway_a, co_window_broadway_c, co_window_unsneaky_path_c,
          glass_columns_b, glass_columns_b, glass_columns_b, glass_columns_a
D:4:      minmay_evil_eye, layout_gridville, minmay_temple_entry_antechambers
D:5:      layout_loops_cross, eat_drink_and_be_merry_uskayaw,
          gammafunk_temple_overflow_pools
D:6:      layout_cave_pools, lemuel_doored_altar, biasface_ghost_orc_armoury,
          minmay_lizard_king
D:7:      layout_rooms, serial_shops, nicolae_shop_hallway_stairs,
          kennysheep_generic_room_11
D:8:      layout_cave_pools, nicolae_ru_awakened_eye,
          mainiacjoe_overflow_surrounded_room, mainiacjoe_overflow_brackets,
          mainiacjoe_overflow_small_starburst, uniq_prince_ribbit1
D:9:      layout_long_grid, serial_shops, nicolae_take_the_stairs,
          minmay_fractal_squares_5, uniq_joseph
D:10:     layout_stronghold, nicolae_gozag_cash_rules_everything_around_me,
          david_lair_shrubbed, minmay_protected_statue
D:11:     layout_gridville
D:12:     minmay_wavy_crystal, layout_basic, orc_0_dummy, doesnt_xom_only_xom,
          uniq_rupert
D:13:     layout_cave_pods, hangedman_vaults_entry_quadrant_bands,
          gauntlet_entry_generic, uniq_frances, uniq_snorg
Temple:   nicolae_temple_god_jail
Lair:1:   layout_hall_layers, special_room [special_room_bee],
          minmay_shattered_shrine
Lair:2:   layout_roguey, minmay_shoals_entry_beasts,
          nicolae_spider_entry_non_spiders, infiniplex_staircase_pool_2,
          serial_bayou_shore_b
Lair:3:   layout_layer_cave, tgw_fedhas
Lair:4:   layout_cave_pods, nicolae_slime_entry_slimehenge,
          portal_ice_cave_rime, kennysheep_snail_temple
Lair:5:   evilmike_catoblepas_cave, layout_regular_city
Orc:1:    layout_diamond_mine
Orc:2:    grunt_orc_cross, layout_diamond_mine, nicolae_shop_self_help,
          uniq_azrael, uniq_erolcha

Skill      XL: |  1  2  3  4  5  6  7  8  9 10 11 12 13 14 15 |
---------------+----------------------------------------------+-----
Stealth        | 3 |  3.1
Fighting       | 1 2 3 5 6 7 8 10 12 14 | 14.8
Dodging        | 3 4 5 6 7 8 10 12 14 15 | 15.1
Spellcasting   | 3 4 5 6 7 8 9 10 | 10.1
Summonings     | 5 6 7 8 9 10 | 10.0
Hexes          | 1 3 5 |  5.0
Air Magic      | 3 4 6 7 |  7.0
Translocations | 2 4 |  4.1
Short Blades   | 3 |  3.5
Shields        | 3 |  3.6

Action                   |  1- 3 |  4- 6 |  7- 9 | 10-12 | 13-15 || total
-------------------------+-------+-------+-------+-------+-------++-------
Melee: Unarmed           |    21 |       |       |       |       ||    21
       Constrict         |    10 |     9 |    19 |    14 |    24 ||    76
       Tentacles         |     5 |     5 |    25 |    26 |    49 ||   110
       Short sword       |    12 |    35 |    32 |       |       ||    79
       Flail             |       |       |    89 |    88 |   149 ||   326
       Punch             |       |       |       |       |     3 ||     3
Throw: Throwing net      |       |       |       |       |     1 ||     1
 Cast: Summon Small Mamm |    36 |    24 |    84 |    46 |     8 ||   198
       Call Imp          |     5 |     7 |    21 |    14 |     3 ||    50
       Call Canine Famil |     6 |    10 |    39 |    53 |    44 ||   152
       Summon Guardian G |       |       |    14 |    45 |    63 ||   122
       Summon Lightning  |       |       |     1 |    46 |   148 ||   195
       Poisonous Vapours |       |       |       |    11 |    10 ||    21
       Blink             |       |       |       |       |     7 ||     7
Invok: Potion Petition   |       |       |       |       |     8 ||     8
Evoke: Wand              |       |       |     1 |     1 |     4 ||     6
  Use: Scroll            |       |    11 |    10 |     4 |    24 ||    49
       Potion            |       |       |     1 |     4 |     6 ||    11
 Stab: Sleeping          |     2 |     5 |       |     4 |     4 ||    15
       Distracted        |       |       |     1 |     2 |     1 ||     4
       Petrified         |       |       |       |       |     2 ||     2
       Betrayed ally     |       |       |       |       |     1 ||     1
Armor: Skin              |     3 |     5 |    68 |    25 |    28 ||   129
Dodge: Dodged            |    34 |    36 |   151 |   117 |   211 ||   549
Block: Buckler           |       |       |       |       |    42 ||    42
